 Dungeon Crawl Stone Soup version 0.21-a0-216-g6d3fd91 (webtiles) character file.

245 Lavandula the Chiller (level 6, 0/48 HPs)
             Began as a Ghoul Ice Elementalist on Aug 23, 2017.
             Slain by a porcupine (7 damage)
             ... on level 4 of the Dungeon.
             The game lasted 00:13:47 (1579 turns).

Lavandula the Chiller (Ghoul Ice Elementalist)      Turns: 1579, Time: 00:13:52

Health: 0/48       AC:  2    Str: 12    XL:     6   Next: 10%
Magic:  6/9        EV: 12    Int: 12    God:    Xom [......]
Gold:   70         SH:  0    Dex:  9    Spells: 3/11 levels left

rFire    . . .     SeeInvis .     - Unarmed
rCold    + . .     Gourm    .   (no shield)
rNeg     + + +     Faith    .   a - +0 robe
rPois    ∞         Spirit   .   k - +0 hat
rElec    .         Reflect  .   (no cloak)
rCorr    .         Harm     .   (no gloves)
MR       .....                  (no boots)
Stlth    +.........             (no amulet)
HPRegen  0.00/turn              (no ring)
MPRegen  0.11/turn              (no ring)

@: confused, flying, very slightly contaminated, rotting
A: rotting body, claws 1, carnivore 3, cold resistance 1, negative energy
resistance 3, inhibited regeneration, torment resistance, unbreathing
a: Renounce Religion


You were on level 4 of the Dungeon.
You worshipped Xom.
You were a very special plaything of Xom.
You were not hungry.

You visited 1 branch of the dungeon, and saw 4 of its levels.

You collected 70 gold pieces.

Inventory:

Armour
 a - a +0 robe (worn)
 k - a +0 hat (worn)
 o - a +0 ring mail of fire resistance
Jewellery
 g - an uncursed ring of fire
Wands
 n - a wand of flame (11/48)
Scrolls
 e - a scroll of recharging
 f - a scroll of immolation
 i - 2 scrolls of teleportation {unknown}
Potions
 p - a potion of flight
Books
 b - a book of Frost

   Spells                             Type                      Level
   a - Freeze                         Ice                          1
   b - Throw Frost                    Conjuration/Ice              2
   c - Ozocubu's Armour               Charms/Ice                   3
   d - Throw Icicle                   Conjuration/Ice              4
   e - Summon Ice Beast               Ice/Summoning                4
Comestibles
 c - a meat ration
 j - 3 royal jellies
 m - a chunk of flesh


   Skills:
 - Level 1.8 Fighting
 - Level 1.7 Dodging
 - Level 2.2 Stealth
 - Level 3.2 Unarmed Combat
 - Level 3.0 Spellcasting
   Level 0.7 Conjurations
 + Level 1.1 Charms
 - Level 4.5 Ice Magic


You had 3 spell levels left.
You knew the following spells:

 Your Spells              Type           Power        Failure   Level  Hunger
a - Freeze                Ice            ##..         3%          1    #......
b - Ozocubu's Armour      Chrm/Ice       #.......     22%         3    ###....
c - Summon Ice Beast      Ice/Summ       #.......     67%         4    #####..


Dungeon Overview and Level Annotations

Branches:
Dungeon (4/15)             Temple (0/1) D:4

Altars:
Xom

Annotations:
D:2 exclusion: worm


Innate Abilities, Weirdness & Mutations

Your body is rotting away.
You thrive on raw meat.
You are immune to poison.
You have sharp fingernails.
You are carnivorous and can eat meat at any time.
Your flesh is cold resistant. (rC+)
You are immune to negative energy. (rN+++)
You do not regenerate when monsters are visible.
You are immune to unholy pain and torment.
You can survive without breathing.


Message History

As you read the scroll labeled AKESIT DANUCUH, it crumbles to dust.
You feel blessed for a moment.
It was a scroll of remove curse.
The porcupine bites you.
* * * LOW HITPOINT WARNING * * *
You feel better.
You almost hear Xom's maniacal laughter.
You feel momentarily weightless. The porcupine bites you!
* * * LOW HITPOINT WARNING * * *
It was a potion of flight.
You feel very buoyant.
You fly up into the air.
The porcupine barely misses you.
It was a potion of ambrosia.
You are confused.
You feel invigorated.
Xom roars with laughter!
The porcupine bites you.
* * * LOW HITPOINT WARNING * * *
The porcupine bites you!
You die...
Xom guffaws!

## .#
o... .#
... .#
.. .#
#.# .#
#.. .#
#..#####
.#
#..r)..#
...
#..@##<#
.#.
#...####
## #...#
# #...#
##.## ..
##


You could see a porcupine and an orc (wandering).

Vanquished Creatures
  An ogre (D:4)
  A worker ant (D:4)
  An orc wizard (D:4)
  A gnoll (D:4)
  2 adders
  An ooze (D:3)
  2 worms (D:2)
  2 dart slugs (D:2)
  3 orcs
  2 ball pythons
  A giant cockroach (D:3)
  4 goblins
  6 hobgoblins
  3 jackals (D:2)
  2 quokkas (D:3)
  11 bats
  4 frilled lizards
  8 kobolds
  3 rats (D:2)
58 creatures vanquished.

Vanquished Creatures (collateral kills)
  Ijyb (D:3)
1 creature vanquished.

Grand Total: 59 creatures vanquished

Notes
Turn   | Place    | Note
-------+----------+-------------------------------------------
     0 | D:1      | Lavandula the Ghoul Ice Elementalist began the quest for the Orb.
     0 | D:1      | Reached XP level 1. HP: 14/14 MP: 2/2
   130 | D:1      | Reached XP level 2. HP: 18/20 MP: 2/4
   422 | D:2      | Found a faded altar of an unknown god.
   462 | D:2      | Reached XP level 3. HP: 19/25 MP: 0/6
   539 | D:2      | Became a worshipper of Xom of Chaos
   596 | D:3      | Noticed Ijyb
   637 | D:3      | XOM: butterfly on damage
   689 | D:2      | Learned a level 3 spell: Ozocubu's Armour
   893 | D:2      | HP: 1/26 [worm (8)]
   902 | D:2      | XOM: potion effect (magic)
  1000 | D:3      | Reached skill level 4 in Ice Magic
  1046 | D:3      | Reached XP level 4. HP: 22/33 MP: 3/7
  1193 | D:3      | Learned a level 4 spell: Summon Ice Beast
  1233 | D:3      | XOM: divination: magic mapping
  1268 | D:3      | XOM: potion effect (agility)
  1278 | D:3      | XOM: summons 4 friendly demons
  1287 | D:3      | Killed Ijyb
  1287 | D:3      | Reached skill level 1 in Unarmed Combat
  1304 | D:4      | Noticed an ogre
  1342 | D:4      | Killed an ogre
  1342 | D:4      | Reached XP level 5. HP: 28/38 MP: 1/8
  1359 | D:4      | Reached skill level 1 in Fighting
  1387 | D:4      | Found a staircase to the Ecumenical Temple.
  1533 | D:3      | XOM: harmless Erth miscast
  1563 | D:4      | Reached skill level 1 in Charms
  1563 | D:4      | Reached XP level 6. HP: 44/48 MP: 2/9
  1564 | D:4      | XOM: confusion
  1570 | D:4      | Noticed a porcupine
  1570 | D:4      | an orc wizard changed into a porcupine
  1570 | D:4      | XOM: polymorph orc wizard -> porcupine
  1577 | D:4      | XOM: harmless Air miscast
  1579 | D:4      | Slain by a porcupine

Vault maps used:
D:1:      dpeg_arrival_concentric_ovals
D:2:      chequers_ecumenical_altar_simple, first_bread, minmay_crystal_water,
          nrook_mini_backslash, minmay_tetromino_o2
D:3:      amethyst_killhole, uniq_ijyb
D:4:      minmay_temple_entry_junction, hangedman_abyss_or_decor_stabs

Skill      XL: |  1  2  3  4  5 |
---------------+----------------+-----
Spellcasting   | 2 3 |  3.0
Ice Magic      | 4 |  4.5
Unarmed Combat | 3 |  3.2
Fighting       | 1 |  1.8
Charms         | 1 |  1.1
Dodging        | |  1.7
Stealth        | |  2.2
Conjurations   | |  0.7

Action                   |  1- 3 |  4- 6 || total
-------------------------+-------+-------++-------
Melee: Unarmed           |    88 |    39 ||   127
       Punch             |       |     1 ||     1
 Cast: Freeze            |    70 |    47 ||   117
       Ozocubu's Armour  |     1 |       ||     1
  Use: Scroll            |     2 |     2 ||     4
       Potion            |       |     6 ||     6
 Stab: Sleeping          |     2 |     1 ||     3
  Eat: Chunk             |    30 |    12 ||    42
Armor: Robe              |    28 |     8 ||    36
Dodge: Dodged            |    85 |    55 ||   140

Table legend:
 A = Spawn XP
 B = Non-spawn XP
 C = Spawn XP percentage of total XP
 D = Spawn monster count
 E = Non-spawn monster count
 F = Spawn count percentage of total count
 G = Total turns spent on level
                    A         B        C        D         E        F      G
               +---------+---------+-------+---------+---------+-------+---------
         Total |      21 |     330 |   6.0 |       5 |      54 |   8.5 |  1579
               +---------+---------+-------+---------+---------+-------+---------
           D:1 |       1 |       9 |  10.0 |       1 |       6 |  14.3 |   140
           D:2 |       1 |      64 |   1.5 |       1 |      27 |   3.6 |   797
           D:3 |      19 |      49 |  27.9 |       3 |      15 |  16.7 |   432
           D:4 |       0 |     208 |   0.0 |       0 |       6 |   0.0 |   210
               +---------+---------+-------+---------+---------+-------+---------
